 Dungeon Crawl Stone Soup version 0.31-a0-174-g85c54bcb58 (webtiles) character file.

Game seed: 8622499990627717349

13672 mandarbmax the Carver (level 11, -19/154 HPs)
             Began as a Yellow Draconian Berserker on June 15, 2023.
             Was an Elder of Trog.
             Demolished by a minotaur
             ... wielding the +9 sword of Power {lifebolt}
              (26 damage)
             ... in a Gauntlet on July 30, 2023.
             The game lasted 00:31:30 (11075 turns).

mandarbmax the Carver (Yellow Draconian Berserker) Turns: 11075, Time: 00:31:30

Health: -19/154    AC: 13    Str: 19    XL:     11   Next: 78%
Magic:  20/20      EV: 21    Int:  7    God:    Trog [****..]
Gold:   47         SH:  7    Dex: 22    Spells: 10/10 levels left

rFire   + . .        t - +11 falchion of Gazing Quick Death {drain, rElec MP+9}
rCold   . . .        (no shield)
rNeg    . . .        (body armour unavailable)
rPois   .            C - +1 hat
rElec   +            (no cloak)
rCorr   +            l - +1 pair of gloves
SInv    .            x - +0 pair of boots
Will    .....        E - amulet of reflection Stlth
                     G - ring of the Octopus King {rF+ HP+2 AC+2 EV+2 SH+2}
HPRegen 0.45/turn    y - +6 ring of dexterity
MPRegen 0.17/turn

%: no teleportation, reflection
@: brilliant, berserking, short of breath, very quick
A: spit acid, AC +7, unfitting armour, cold-blooded, acid resistance
a: Breathe Acid, Renounce Religion, Berserk, Trog's Hand, Brothers in Arms


You were in a Gauntlet.
You worshipped Trog.
Trog was greatly pleased with you.
You visited 1 branch of the dungeon, and saw 11 of its levels.
You also visited: Gauntlet.

You collected 713 gold pieces.
You spent 666 gold pieces at shops.

Inventory:

Hand Weapons
 t - the +11 falchion of Gazing Quick Death (weapon) {drain, rElec MP+9}
   (You bought it in a shop on level 3 of the Dungeon)

   rElec:     It insulates you from electricity.
   MP:        It affects your magic capacity (+9).
Armour
 l - a +1 pair of gloves (worn)
 x - a +0 pair of boots (worn)
 C - a +1 hat (worn)
Jewellery
 q - the amulet of Understanding {Faith rN+ Str+2}
   (You found it in a Gauntlet)

   [amulet of faith]

   It allows you to gain divine favour quickly.
   Str:       It affects your strength (+2).
   rN:        It protects you from negative energy.
 y - a +6 ring of dexterity (right hand)
 E - an amulet of reflection (around neck)
 G - a ring of the Octopus King (left hand) {rF+ HP+2 AC+2 EV+2 SH+2}
   (You found it in a Gauntlet)

   [ring of protection from fire]

   AC:        It affects your AC (+2).
   EV:        It affects your evasion (+2).
   rF:        It protects you from fire.
   HP:        It affects your health (+2).
   SH:        It affects your SH (+2).
Wands
 b - a wand of paralysis (10)
 j - a wand of polymorph (10)
 w - a wand of flame (6)
 D - a wand of roots (5)
Scrolls
 c - 4 scrolls of teleportation
 h - 4 scrolls of fear
 m - a scroll of revelation
 s - 2 scrolls of enchant weapon
 u - a scroll of brand weapon {unknown}
 z - a scroll of vulnerability {unknown}
 B - a scroll of torment {unknown}
 F - a scroll of fog {unknown}
Potions
 a - 2 potions of mutation
 d - 4 potions of curing
 e - 2 potions of lignification
 f - 2 potions of enlightenment
 g - a potion of brilliance
 i - 3 potions of attraction
 k - 3 potions of heal wounds {unknown}
 n - 2 potions of invisibility {unknown}
 o - a potion of ambrosia
 p - 2 potions of haste {unknown}
 r - 2 potions of degeneration {unknown}
 v - 2 potions of berserk rage
 A - a potion of might


   Skills:
 + Level 10.9 Fighting
 - Level 14.0 Long Blades
 + Level 9.2 Dodging


You had 10 spell levels left.
You didn't know any spells.
Your spell library contained the following spells:

 Spells                   Type           Power      Damage    Failure   Level
 Ozocubu's Armour         Ice            0%         N/A       80%         3
 Ozocubu's Refrigeration  Ice            0%         4d7       100%        7


Dungeon Overview and Level Annotations

Branches:
Dungeon (11/15)            Temple (0/1) D:7            Lair (0/5) D:9
    Orc (0/2) D:9         Gauntlet (1/1)

Altars:
Ashenzari
Cheibriados
Dithmenos
Fedhas
Qazlal
Sif Muna
Uskayaw
Wu Jian
Zin

Shops:
D:3 (   D:9 [   D:11 =

Annotations:
D:6 1 runed translucent door, Crazy Yiuf Gauntlet 6 transporters, 16 runed translucent doors, exclusion: orange crystal statue


Innate Abilities, Weirdness & Mutations

You can spit globs of acid.
Your golden yellow scales are hard. (AC +7)
You cannot fit into any form of body armour.
You are cold-blooded and may be slowed by cold attacks.
You are resistant to acid. (rCorr)


Message History

Your black bear bites the minotaur but does no damage.
Your black bear claws the minotaur but does no damage. x2
Okay, then.
Okay, then.
It was a potion of brilliance.
You feel clever all of a sudden.
Your black bear bites the minotaur but does no damage.
Your black bear claws the minotaur but does no damage. x2
The minotaur hits your black bear with the +9 sword of Power {lifebolt}!!
Your black bear dies!
Your black bear's corpse disappears in a puff of smoke!
The minotaur bellows!
It was a potion of berserk rage.
A red film seems to cover your vision as you go berserk!
You feel yourself moving faster!
You feel mighty!
You hit the minotaur but do no damage. You drain the minotaur.
You tail-slap the minotaur.
You punch the minotaur, but do no damage.
The minotaur is lightly wounded.
You closely miss the minotaur.
The minotaur is lightly wounded.
The minotaur misses you. The minotaur gores you.
* * * LOW HITPOINT WARNING * * *
You barely miss the minotaur.
The minotaur is lightly wounded.
You hit the minotaur but do no damage.
The minotaur is lightly wounded.
The minotaur misses you. You block the minotaur's attack.
You hit the minotaur but do no damage.
The minotaur is lightly wounded.
You barely miss the minotaur.
The minotaur furiously retaliates!
The minotaur headbutts you!
* * * LOW HITPOINT WARNING * * *
You tail-slap the minotaur!
The minotaur is moderately wounded.
Unknown command.
You slice the minotaur!!
The minotaur is heavily wounded.
The minotaur hits you with the +9 sword of Power {lifebolt}!!
You die...

........§# ######..##
.....#..≈# .###=#..##
.###$#..≈##..##########
©###©#..###..#........####
#...$#..≈##..#.######....#
#.8..#..###..#.#.H..####.#
.....#..#....#.#@##....#.#
######..#©...#.#.# .##.#.#
......∩.#....#.#.# .8 #.#
........#......#.# ∩.# #.#
######..#©...#.#.# .8###.#
.....#..#....#.#.#####.#.#
.^##.#..###..#.#.##....#.#
.##^.#..≈##..#.#....###..#
.#...#..###..#.######....#


You could see a minotaur (resistant, drained).

Vanquished Creatures
  A balrug (Gauntlet)
  A two-headed ogre (D:9)
  A wizard (D:8)
  A necromancer (Gauntlet)
  A manticore (D:11)
  A gargoyle (D:10)
  A torpor snail (Gauntlet)
  Psyche (D:8)
  A kobold demonologist (D:9)
  A komodo dragon (D:9)
  Prince Ribbit (D:9)
  A wraith (D:8)
  A wyvern (D:10)
  19 yaks
  Eustachio (D:4)
  4 steam dragons
  Grum (D:8)
  A vampire mosquito (D:11)
  Menkaure (D:6)
  2 water moccasins
  5 orc warriors
  A black bear (D:8)
  A sky beast (D:7)
  3 ice beasts
  An ogre (D:6)
  2 centaurs (D:10)
  10 wolves
  Blork the orc (D:6)
  A kobold brigand (D:9)
  2 bullfrogs (D:8)
  2 gnoll sergeants
  2 scorpions
  7 wights
  5 howler monkeys
  2 hounds (D:5)
  A gnoll bouda (D:7)
  6 orc priests
  A jelly (D:6)
  A sleepcap (D:7)
  7 iguanas
  10 orc wizards
  6 gnolls
  5 adders (D:5)
  A white imp (D:7)
  An ufetubus (D:6)
  2 worms (D:5)
  4 dart slugs
  40 orcs
  9 ball pythons
  7 bats
  6 endoplasms
  4 giant cockroaches
  7 goblins
  5 hobgoblins
  5 jackals
  3 quokkas
  5 frilled lizards
  10 kobolds
  3 rats (D:2)
236 creatures vanquished.

Vanquished Creatures (collateral kills)
  A two-headed ogre (D:11)
  A cyclops (D:11)
  An acid dragon (D:11)
  A gnoll sergeant (D:11)
4 creatures vanquished.

Vanquished Creatures (others)
  2 orcs (D:7)
2 creatures vanquished.

Grand Total: 242 creatures vanquished

Notes
Turn   | Place    | Note
-------+----------+-------------------------------------------
     0 | D:1      | mandarbmax the Draconian Berserker began the quest for the
                  | Orb.
     0 | D:1      | Reached XP level 1. HP: 19/19 MP: 1/1
   202 | D:1      | Reached XP level 2. HP: 26/26 MP: 2/2
   313 | D:1      | Found a faded altar of an unknown god.
  1289 | D:2      | Reached XP level 3. HP: 33/33 MP: 3/3
  1561 | D:2      | Reached skill level 4 in Long Blades
  1626 | D:2      | Reached ** piety under Trog
  1995 | D:3      | Found Wyos's Antique Weapon Boutique.
  2355 | D:4      | Identified the +8 sling of Defiance {flame, Dex+4}
  2487 | D:4      | Noticed a scorpion
  2493 | D:4      | Killed a scorpion
  2494 | D:4      | Reached skill level 5 in Long Blades
  2494 | D:4      | Reached XP level 4. HP: 40/40 MP: 4/4
  2554 | D:4      | Found a hide-covered altar of Uskayaw.
  2556 | D:4      | You fall into a shaft and drop 3 floors!
  2581 | D:7      | Noticed a water moccasin
  2589 | D:7      | Killed a water moccasin
  2590 | D:7      | Reached skill level 6 in Long Blades
  2590 | D:7      | Reached XP level 5. HP: 46/46 MP: 5/5
  2657 | D:7      | Found a staircase to the Ecumenical Temple.
  2659 | D:7      | Noticed a steam dragon
  2678 | D:7      | Noticed an ice beast
  2682 | D:7      | Killed a steam dragon
  2683 | D:7      | Reached skill level 7 in Long Blades
  2683 | D:7      | Reached XP level 6. HP: 15/52 MP: 6/6
  2838 | D:7      | Noticed a sky beast
  2847 | D:7      | Killed a sky beast
  2858 | D:5      | Entered Level 5 of the Dungeon
  3019 | D:4      | Noticed Eustachio
  3028 | D:4      | Killed Eustachio
  3029 | D:4      | Reached skill level 8 in Long Blades
  3029 | D:4      | Your scales start taking on a golden yellow colour.
  3029 | D:4      | Reached XP level 7. HP: 58/58 MP: 7/7
  3029 | D:4      | Gained mutation: You are resistant to acid. (rCorr) [Yellow
                  | Draconian growth]
  3365 | D:4      | Noticed a steam dragon
  3378 | D:4      | Killed a steam dragon
  3985 | D:5      | Reached skill level 9 in Long Blades
  4247 | D:5      | Reached XP level 8. HP: 66/66 MP: 8/8
  5688 | D:3      | Bought a warped falchion for 216 gold pieces
  5688 | D:3      | Identified the +11 falchion of Gazing Quick Death {drain,
                  | rElec MP+9} (You bought it in a shop on level 3 of the
                  | Dungeon)
  5790 | D:6      | Reached skill level 10 in Long Blades
  5819 | D:6      | Noticed Blork the orc
  5822 | D:6      | Killed Blork the orc
  5823 | D:6      | Reached skill level 5 in Fighting
  5864 | D:6      | Noticed Menkaure
  5871 | D:6      | Killed Menkaure
  6221 | D:6      | Found a glowing silver altar of Zin.
  6221 | D:6      | Found a blossoming altar of Fedhas.
  6229 | D:6      | Found a stormy altar of Qazlal.
  6231 | D:6      | Found a shimmering blue altar of Sif Muna.
  6233 | D:6      | Found a snail-covered altar of Cheibriados.
  6270 | D:6      | Reached XP level 9. HP: 75/75 MP: 9/9
  6365 | D:6      | Found a runed translucent door.
  6365 | D:6      | Identified the +4 hammer "Joaxt" {heavy, rC++ Int-2 Dex+3
                  | SInv}
  6366 | D:6      | Noticed Crazy Yiuf
  6368 | D:6      | Found the +6 shillelagh "Devastator" {shatter}
  6414 | D:6      | Found an ornate altar of the Wu Jian Council.
  6614 | D:7      | Reached skill level 5 in Dodging
  6787 | D:7      | Reached *** piety under Trog
  7060 | D:8      | Reached skill level 11 in Long Blades
  7121 | D:8      | Noticed Grum
  7133 | D:8      | Killed Grum
  7417 | D:8      | Found a broken altar of Ashenzari.
  7500 | D:8      | Noticed Psyche
  7504 | D:8      | Killed Psyche
  7546 | D:8      | Noticed a wizard
  7554 | D:8      | Killed a wizard
  7555 | D:8      | Reached skill level 12 in Long Blades
  7555 | D:8      | Reached XP level 10. HP: 86/86 MP: 10/10
  8019 | D:9      | Noticed a two-headed ogre
  8030 | D:9      | Killed a two-headed ogre
  8068 | D:9      | Found a staircase to the Lair.
  8075 | D:9      | Reached **** piety under Trog
  8158 | D:9      | Found a staircase to the Orcish Mines.
  8275 | D:9      | Reached skill level 13 in Long Blades
  8654 | D:9      | Noticed Prince Ribbit
  8656 | D:9      | Killed Prince Ribbit
  8736 | D:9      | Found Qaeseos's Antique Armour Shoppe.
  9256 | D:10     | Entered Level 10 of the Dungeon
  9275 | D:10     | Reached XP level 11. HP: 95/95 MP: 11/11
  9492 | D:10     | Found a shadowy altar of Dithmenos.
 10368 | D:11     | Reached skill level 14 in Long Blades
 10375 | D:11     | Found a gate leading to a gauntlet.
 10392 | D:11     | Noticed a two-headed ogre
 10395 | D:11     | Killed a two-headed ogre
 10396 | D:11     | Reached skill level 10 in Fighting
 10401 | D:11     | Found Tunn's Jewellery Shoppe.
 10406 | D:11     | Bought an amulet of reflection for 450 gold pieces
 10417 | Gauntlet | Entered a Gauntlet
 10417 | Gauntlet | Found a transporter.
 10417 | Gauntlet | Found a transporter.
 10417 | Gauntlet | Found a transporter.
 10545 | Gauntlet | Found a transporter.
 10548 | Gauntlet | Found a transporter.
 10556 | Gauntlet | Noticed a tengu warrior
 10561 | Gauntlet | Found a transporter.
 10564 | Gauntlet | Found a transporter.
 10570 | Gauntlet | Noticed an orange crystal statue
 10581 | Gauntlet | Found a transporter.
 10594 | Gauntlet | Found a transporter.
 10604 | Gauntlet | Noticed a balrug
 10615 | Gauntlet | Found a transporter.
 10616 | Gauntlet | Found a transporter.
 10616 | Gauntlet | Noticed a necromancer
 10616 | Gauntlet | Found the ring of the Octopus King
 10618 | Gauntlet | Found a runed translucent gate.
 10618 | Gauntlet | Found a runed translucent gate.
 10618 | Gauntlet | Found a runed translucent gate.
 10619 | Gauntlet | Found a large runed translucent door.
 10619 | Gauntlet | Found a large runed translucent door.
 10620 | Gauntlet | Found a large runed translucent door.
 10621 | Gauntlet | Found a large runed translucent door.
 10622 | Gauntlet | Found a large runed translucent door.
 10622 | Gauntlet | Found a large runed translucent door.
 10622 | Gauntlet | Found a runed translucent door.
 10622 | Gauntlet | Found a runed translucent door.
 10623 | Gauntlet | Found a large runed translucent door.
 10625 | Gauntlet | Found a large runed translucent door.
 10625 | Gauntlet | Found a large runed translucent door.
 10626 | Gauntlet | Found a large runed translucent door.
 10627 | Gauntlet | Found a large runed translucent door.
 10636 | Gauntlet | Found a large runed translucent door.
 10638 | Gauntlet | Found a transporter.
 10645 | Gauntlet | Found a large runed translucent door.
 10645 | Gauntlet | Found a large runed translucent door.
 10646 | Gauntlet | Found a large runed translucent door.
 10647 | Gauntlet | Found a large runed translucent door.
 10834 | Gauntlet | Killed a necromancer
 10851 | Gauntlet | Identified a ring of the Octopus King {rF+ HP+2 AC+2 EV+2
                  | SH+2}
 10897 | Gauntlet | Killed a balrug
 10912 | Gauntlet | Identified the amulet of Understanding {Faith rN+ Str+2}
 11059 | Gauntlet | Noticed a minotaur
 11074 | Gauntlet | HP: 7/154 [minotaur's headbutt (9)]
 11075 | Gauntlet | Demolished by a minotaur

Illustrated notes

Levels and vault maps discovered:
D:1:      minmay_arrival_hallway, layout_loops_ring,
          shapermc_ecumenical_altar_gd, serial_co_window_serial,
          co_window_of_opportunity_a, co_window_corner_a, co_window_corner_a,
          co_window_cross_1, co_window_corner_a, co_window_paths_a,
          co_window_broadway_b, co_window_unsneaky_path_b, co_window_cross_2,
          co_window_4corner_a, glass_columns_c, glass_columns_c,
          glass_columns_a, glass_columns_a, glass_columns_a
D:2:      layout_loops_ring, minmay_misc_feat_pillars, due_unseen_surprise
D:3:      layout_rooms, serial_shops, nicolae_shop_overgrown_old_shop,
          palyth_stone_intersect, serial_bayou_lake_a
D:4:      layout_basic, mainiacjoe_overflow_chevrons, uniq_eustachio
D:5:      layout_basic, serial_glass, glass_columns_b, glass_columns_a,
          kennysheep_another_room, nicolae_hexahallways,
          kennysheep_opposing_triangles
D:6:      layout_rooms, chequers_temple_overflow_minitemple,
          mainiacjoe_overflow_alcove_1, uniq_blork_the_orc,
          uniq_crazy_yiuf_cottage, uniq_menkaure
D:7:      layout_cave_pools, minmay_temple_entry_wispy
D:8:      cheibrodos_wizards_tower, layout_loops_ring, lemuel_tele_altar,
          uniq_psyche, uniq_grum
D:9:      layout_basic, david_lair_shrubbed, orc_0_dummy, serial_shops,
          nicolae_shop_just_a_little_nook, uniq_prince_ribbit1
D:10:     layout_grid_maze, mainiacjoe_overflow_concentric_impassable
D:11:     layout_small_grid, serial_shops, nicolae_shop_just_a_little_nook,
          gauntlet_entry_generic, st_stairs_11, dk_noncrumbling_3,
          nicolae_tso_swordbearing_angel, uniq_harold, uniq_urug, uniq_snorg,
          uniq_gastronok
Gauntlet: minmay_gauntlet_mixed_big_or_small
          [nicolae_gauntlet_arena_flowing_pool, minmay_gauntlet_arena_77_mirror,
          minmay_gauntlet_arena_make_your_own_arena,
          minmay_gauntlet_arena_77_braids, gammafunk_gauntlet_arena_split_x,
          minmay_gauntlet_arena_77_block_sizes,
          dreamdust_gauntlet_exit_labyrinth]

Skill      XL: |  1  2  3  4  5  6  7  8  9 10 11 |
---------------+----------------------------------+-----
Dodging        | 3 4 6 7 9 |  9.2
Long Blades    | 5 6 7 8 9 10 12 13 14 | 14.0
Fighting       | 4 5 7 8 10 | 10.9

Action                     |  1- 3 |  4- 6 |  7- 9 | 10-12 || total
---------------------------+-------+-------+-------+-------++-------
  Melee: Falchion          |   182 |    39 |   220 |   204 ||   645
         Tailslap          |    12 |     7 |    21 |    30 ||    70
         Punch             |     1 |       |       |     2 ||     3
 Invoke: Berserk           |     1 |     4 |    14 |     9 ||    28
         Trog's Hand       |       |     1 |       |     1 ||     2
         Brothers in Arms  |       |       |       |     2 ||     2
Ability: Breathe Acid      |       |       |    32 |    19 ||    51
    Use: Scroll            |       |     2 |    10 |     3 ||    15
         Potion            |       |     1 |       |     2 ||     3
   Stab: Sleeping          |     4 |       |       |       ||     4
         Distracted        |       |       |     1 |       ||     1
 Armour: Skin              |    68 |    23 |    54 |    40 ||   185
  Dodge: Dodged            |   116 |    35 |   114 |    89 ||   354
  Block: Other             |       |       |       |     7 ||     7

Table legend: (Time is in decaauts)
 A = Elapsed time spent in this place.
 B = Non-inter-level travel time spent in this place.
 C = Inter-level travel time spent in this place.
 D = Time resting spent in this place.
 E = Time spent auto-exploring this place.
 F = Levels seen in this place.
 G = Mean time per level.
                   A        B        C        D        E       F      G
               +--------+--------+--------+--------+--------+-----+--------+
         Total |  11276 |  10850 |    426 |   1395 |   7601 |  12 |  939.7 |
       Dungeon |  10603 |  10177 |    426 |   1224 |   7472 |  11 |  963.9 |
      Gauntlet |    673 |    673 |      0 |    171 |    129 |   1 |  673.0 |
               +--------+--------+--------+--------+--------+-----+--------+

Top non-repeatable levels by time:
     D:5: 1921 daAuts
     D:4: 1394 daAuts
     D:9: 1309 daAuts
    D:10: 1090 daAuts
     D:1: 1090 daAuts
     D:8: 935 daAuts
     D:2: 779 daAuts
     D:7: 766 daAuts
     D:6: 681 daAuts
Gauntlet: 673 daAuts
     D:3: 576 daAuts
    D:11: 57 daAuts
